 Dungeon Crawl Stone Soup version 0.29.1-1-gd02db6906a (webtiles) character file.

Game seed: 8078082451345001560

225927 zeram the Peltast (level 19, -5/111 HPs)
             Began as a Gargoyle Fighter on Oct 2, 2022.
             Was the Champion of Qazlal.
             Slain by a +7 antimagic trident (19 damage)
             ... on level 2 of the Elven Halls.
             The game lasted 01:41:39 (34597 turns).

zeram the Peltast (Gargoyle Fighter)               Turns: 34597, Time: 01:41:41

Health: -5/111     AC: 41    Str: 26    XL:     19   Next: 34%
Magic:  0/19       EV: 19    Int: 11    God:    Qazlal [******]
Gold:   3038       SH: 24    Dex:  9    Spells: 18/18 levels left

rFire   . . .      SeeInvis +   K - +6 demon trident (vorpal)
rCold   + + +      Faith    .   I - +2 kite shield {reflect}
rNeg    + . .      Spirit   +   m - +9 ice dragon scales "Teblov" {rElec rF- rC++ rCorr}
rPois   ∞          Reflect  +   z - +1 helmet {SInv}
rElec   +          Harm     .   X - +0 cloak {rC+}
rCorr   +          Rampage  .   y - +1 pair of gloves
Will    +....                   D - +1 pair of boots
Stlth   ..........              h - amulet of guardian spirit
HPRegen 0.28/turn               b - +4 ring of evasion
MPRegen 0.16/turn               o - +4 ring of evasion

@: protected from fire, flying, repel missiles
A: sickness immunity, AC +14, big wings, negative energy resistance 1,
electricity resistance, torment resistance 1, petrification resistance, deformed
body, frail 1
}: 1/15 runes: serpentine
a: Renounce Religion, Upheaval, Elemental Force, Disaster Area


You were on level 2 of the Elven Halls.
You worshipped Qazlal.
Qazlal was exalted by your worship.
You visited 6 branches of the dungeon, and saw 28 of its levels.
You visited the Abyss 1 time.
You also visited: Ossuary, Gauntlet and Ice Cave.

You collected 3980 gold pieces.
You spent 942 gold pieces at shops.

Inventory:

Hand Weapons
 J - a +6 flail of freezing
 K - a +6 vorpal demon trident (weapon)
 O - a +1 demon whip of venom
 Y - the +7 dagger of Impatience {vamp, rF- rN+ Int+5}
   (You bought it in a shop on level 2 of the Elven Halls)

   It occasionally heals its wielder for a portion of the damage dealt when it
   wounds a living foe.
   Int:       It affects your intelligence (+5).
   rF:        It makes you vulnerable to fire.
   rN:        It protects you from negative energy.
Missiles
 B - 51 poisoned darts (quivered)
Armour
 d - a +1 kite shield of protection
 g - the +1 hat "Ikiahid" {Int-3 Dex+5}
   (You bought it in a shop on level 1 of the Snake Pit)

   Int:       It affects your intelligence (-3).
   Dex:       It affects your dexterity (+5).
 i - a +2 cloak of stealth
 m - the +9 ice dragon scales "Teblov" (worn) {rElec rF- rC++ rCorr}
   (You acquired it on level 5 of the Dungeon)

   rF:        It makes you vulnerable to fire.
   rC:        It greatly protects you from cold.
   rElec:     It insulates you from electricity.
   rCorr:     It protects you from acid and corrosion.
 r - a +0 pair of gloves
 y - a +1 pair of gloves (worn)
 z - a +1 helmet of see invisible (worn)
 D - a +1 pair of boots (worn)
 I - a +2 kite shield of reflection (worn)
 W - a +2 tower shield of cold resistance
 X - a +0 cloak of cold resistance (worn)
Jewellery
 b - a +4 ring of evasion (left hand)
 h - an amulet of guardian spirit (around neck)
 k - the ring "Naemakae" {Ice Drain *Slow rPois Will+++}
   (You took it off a minotaur in a Gauntlet)

   [ring of ice]

   It enhances your ice magic.
   rF:        It makes you vulnerable to fire.
   rC:        It protects you from cold.
   rPois:     It protects you from poison.
   Drain:     It drains your maximum health when unequipped.
   *Slow:     It may slow you when you take damage.
   Will:      It greatly increases your willpower.
 o - a +4 ring of evasion (right hand)
 v - a ring of protection from cold
 C - the amulet of Kaut {RegenMP rF- Regen+ rCorr Str+7}
   (You found it in a Gauntlet)

   [amulet of magic regeneration]

   It increases your rate of magic regeneration.
   Str:       It affects your strength (+7).
   rF:        It makes you vulnerable to fire.
   Regen:     It increases your rate of health regeneration.
   rCorr:     It protects you from acid and corrosion.
 M - a ring of protection from cold
 N - a ring of see invisible
 P - a +6 ring of strength
 U - a ring of ice
 V - an amulet of faith
Wands
 q - a wand of charming (7)
 s - a wand of flame (10)
 x - a wand of digging (4)
 E - a wand of mindburst (12)
 F - a wand of iceblast (18)
 L - a wand of quicksilver (20)
 R - a wand of polymorph (6)
Scrolls
 a - 10 scrolls of identify
 c - 3 scrolls of fear
 e - 5 scrolls of poison
 f - a scroll of amnesia
 u - 10 scrolls of teleportation
 w - a scroll of silence
 A - a scroll of summoning
 G - 9 scrolls of magic mapping
 S - 2 scrolls of butterflies
Potions
 j - 3 potions of cancellation
 l - 11 potions of curing
 n - 6 potions of flight
 p - 3 potions of lignification
 t - 4 potions of brilliance
 H - 3 potions of resistance
 Q - 3 potions of might
 T - a potion of ambrosia
 Z - a potion of magic {unknown}


   Skills:
 + Level 15.6 Fighting
 - Level 11.2 Maces & Flails
 * Level 18.5 Polearms
 + Level 12.0 Armour
 + Level 7.8 Dodging
 + Level 19.4 Shields


You had 18 spell levels left.
You didn't know any spells.
Your spell library contained the following spells:

 Spells                   Type           Power      Damage    Failure   Level
 Apportation              Tloc           0%         N/A       73%         1
 Foxfire                  Conj/Fire      0%         2x1d4     73%         1
 Magic Dart               Conj           0%         1d3       73%         1
 Searing Ray              Conj           0%         2d4       86%         2
 Wereblood                Tmut           0%         N/A       86%         2
 Conjure Flame            Conj/Fire      0%         6-21      97%         3
 Dazzling Flash           Conj/Hex       0%         N/A       97%         3
 Frozen Ramparts          Ice            0%         1d1       97%         3
 Gell's Gravitas          Tloc           0%         N/A       97%         3
 Ignite Poison            Fire/Tmut/Pois 0%         N/A       97%         3
 Inner Flame              Hex/Fire       0%         N/A       97%         3
 Lesser Beckoning         Tloc           0%         N/A       97%         3
 Ozocubu's Armour         Ice            0%         N/A       97%         3
 Teleport Other           Tloc           0%         N/A       97%         3
 Flame Wave               Conj/Fire      0%         2d4       100%        4
 Fulminant Prism          Conj/Hex       0%         3d6       100%        4
 Ice Form                 Ice/Tmut       0%         N/A       100%        4
 Leda's Liquefaction      Hex/Erth       0%         N/A       100%        4
 Sticky Flame             Conj/Fire      0%         2d3       100%        4
 Summon Ice Beast         Ice/Summ       0%         N/A       100%        4
 Agony                    Necr           0%         N/A       100%        5
 Alistair's Intoxication  Tmut/Pois      0%         N/A       100%        5
 Blade Hands              Tmut           0%         N/A       100%        5
 Irradiate                Conj/Tmut      0%         3d11      100%        5
 Lee's Rapid Deconstruct  Erth           0%         3d5*      100%        5
 Silence                  Hex/Air        0%         N/A       100%        5
 Summon Forest            Summ/Tloc      0%         N/A       100%        5
 Summon Mana Viper        Hex/Summ       0%         N/A       100%        5
 Eringya's Noxious Bog    Tmut/Pois      0%         N/A       100%        6
 Summon Cactus Giant      Summ           0%         N/A       100%        6
 Dragon Form              Tmut           0%         N/A       100%        7
 Ozocubu's Refrigeration  Ice            0%         4d7       100%        7
 Summon Hydra             Summ           0%         N/A       100%        7
 Sublimation of Blood     Necr           Unusable   N/A       N/A         2
 Statue Form              Tmut/Erth      Unusable   N/A       N/A         6

Dungeon Overview and Level Annotations

Branches:
Dungeon (14/15)            Temple (0/1) D:7            Lair (5/5) D:10
 Shoals (0/4) Lair:3        Snake (4/4) Lair:2        Slime (0/5) Lair:5
    Orc (2/2) D:12            Elf (2/3) Orc:2        Vaults (2/5) D:14
Ossuary (visited)           IceCv (visited)         Gauntlet (visited)
  Crypt: Vaults:2-3

Altars:
Cheibriados
Gozag
Okawaru
Qazlal
Sif Muna
Trog
Yredelemnul
Jiyva

Shops:
Orc:1 *   Orc:2 =!:*   Elf:1 (   Elf:2 (   Snake:1 [[   Snake:2 [

Portals:
Trove: D:12 (show slimy rune of Zot)


Innate Abilities, Weirdness & Mutations

You are immune to sickness and miasma.
Your stone body is resilient. (AC +14)
You are immune to poison.
Your large and strong wings let you fly.
You resist negative energy. (rN+)
You are resistant to electric shocks. (rElec)
You are resistant to unholy torment.
You are immune to petrification.
Armour fits poorly on your strangely shaped body.
You are frail. (-10% HP)


Message History

Your resistance to physical damage fades away.
You feel protected from fire.
The +1 hand axe of venom hits you but does no damage.
The +1 vorpal war axe hits you but does no damage.
The +7 antimagic trident closely misses you.
You puncture the deep elf knight!
The deep elf knight is heavily wounded.
You block the deep elf knight's attack. You block the fire elemental's attack.
The +1 hand axe of venom hits you.
Your resistance to fire fades away.
You feel protected from physical attacks.
The fire elemental hits you. The fire elemental burns you!
The fire burns you terribly!
Your resistance to physical damage fades away.
You feel protected from fire.
* * * LOW HITPOINT WARNING * * *
The +7 antimagic trident hits you from afar!
* * * LOW HITPOINT WARNING * * *
You feel your power leaking away.
The deep elf zephyrmancer is struck by lightning.
You block the deep elf zephyrmancer's attack.
The deep elf pyromancer mumbles some strange words.
The deep elf pyromancer blinks!
You block the +1 vorpal war axe's attack.
The deep elf pyromancer closely misses you.
Okay, then.
As you read the scroll of fear, it crumbles to dust.
You assume a fearsome visage.
The +7 antimagic trident is unaffected.
The deep elf pyromancer looks frightened!
The deep elf pyromancer resists with some effort.
The deep elf knight looks frightened!
The +1 vorpal war axe is unaffected.
The deep elf knight looks frightened!
The deep elf zephyrmancer looks frightened!
The fire elemental is unaffected.
The deep elf zephyrmancer looks frightened!
The fire elemental is unaffected. x2; The +1 hand axe of venom is unaffected.
You block the fire elemental's attack.
You block the +1 hand axe of venom's attack.
The +7 antimagic trident hits you from afar!!
You die...

##......# ........# e.
##......# .## .
####....# ..###.. ###<.#
...#... #############
##.......
#.#..)....#.####.(○.....
.#...#.#...#.##)E(e.....
#.#..###..#.###e@Ee.§...
...#..#^.#...##(.e......
......#......##eE○§.....
.##...#...##.'°'#.......
..#########.)'.##.......
.##...#...##.'.+ .......
......#......##+ .......
...#..#..#...# .......
#.#..###..#.## ....


You could see 2 deep elf knights, 2 deep elf pyromancers, 2 deep elf
zephyrmancers, 3 fire elementals and 3 dancing weapons.

Vanquished Creatures
  Vashnia (Snake:3)
  Nikola (Elf:1)
  Rupert (Snake:1)
  A deep elf blademaster (Elf:2)
  Frances (D:11)
  Gastronok (Lair:1)
  Kirke (D:11)
  6 nagarajas
  2 vault wardens (Vaults:1)
  Aizul (Snake:1)
  A reaper (IceCv)
  2 very ugly things (Vaults:1)
  An ironbound preserver (Vaults:1)
  An ironbound thunderhulk (Vaults:1)
  Nessos (D:12)
  2 deep elf annihilators
  2 minotaurs
  A dire elephant (Lair:4)
  Snorg (Lair:3)
  Josephine (D:11)
  7 boulder beetles
  A deep elf high priest (Elf:1)
  4 hydras
  4 salamander tyrants (Snake:4)
  2 catoblepae
  4 ogre magi
  4 vault guards (Vaults:1)
  7 anacondas
  15 two-headed ogres
  14 naga warriors
  10 death yaks (Lair:3)
  23 naga sharpshooters
  11 dancing weapons
  Nergalle (D:12)
  12 shock serpents
  7 deep elf knights
  Amaemon (Lair:3)
  A wretched star (Abyss:2)
  Lodul (D:12)
  3 skeletal warriors (D:14)
  A flayed ghost (Vaults:1)
  3 salamander mystics (Snake:4)
  5 deep trolls (Vaults:1)
  3 deep elf archers
  9 naga ritualists
  4 lindwurms
  2 wizards (Vaults:1)
  An ironbound convoker (Vaults:1)
  2 phantasmal warriors
  20 deep elf pyromancers
  10 mana vipers
  20 deep elf zephyrmancers
  A wolf spider (Lair:5)
  17 ugly things
  2 orc sorcerers (Orc:2)
  2 manticores (D:14)
  4 cyclopes
  4 salamanders
  A worldbinder (Gauntlet)
  5 guardian serpents
  18 elephants
  A smoke demon (Abyss:2)
  A vault sentinel (Vaults:1)
  2 ice statues (IceCv)
  26 naga magi
  An apocalypse crab (Abyss:2)
  49 black mambas
  3 kobold demonologists
  2 gargoyles (D:12)
  2 torpor snails
  An unseen horror (shapeshifter) (D:14)
  An orange demon (Lair:3)
  17 cane toads
  6 yaktaurs (Vaults:1)
  10 komodo dragons
  2 freezing wraiths (D:14)
  A rime drake (Lair:5)
  7 ice devils (IceCv)
  3 trolls
  3 burning bushes (Lair:1)
  6 polar bears
  2 hornets (Lair:5)
  A wolf spider simulacrum (Gauntlet)
  5 slime creatures
  17 blink frogs
  2 dream sheep (Lair:2)
  2 water elementals
  A spriggan (Lair:4)
  5 centaur simulacra
  4 air elementals
  14 wyverns
  A shadow (D:12)
  6 wraiths
  3 basilisks
  47 yaks
  4 fire elementals
  5 hogs
  A steam dragon (D:9)
  7 vampire mosquitoes
  A death yak simulacrum (IceCv)
  2 redbacks (Lair:5)
  2 harpy simulacra (IceCv)
  4 wargs (Orc:2)
  2 large abominations (Abyss:2)
  68 nagas
  An acid dragon (D:12)
  22 water moccasins
  7 small abominations (Abyss:2)
  12 orc warriors
  A hornet zombie (Ossuary)
  A meliai simulacrum (Gauntlet)
  An ice beast (D:8)
  An ice dragon simulacrum (Gauntlet)
  A black bear (shapeshifter) (D:14)
  2 black bears
  32 ogres
  6 boggarts
  12 wolves
  5 centaurs
  A phantom (D:4)
  13 bullfrogs
  4 kobold brigands
  3 scorpions (D:5)
  2 gnoll sergeants
  A necrophage (D:5)
  2 earth elementals (Elf:1)
  A two-headed ogre simulacrum (IceCv)
  A water moccasin zombie (Ossuary)
  5 cane toad simulacra
  8 wights
  16 killer bees
  An elephant simulacrum (IceCv)
  7 howler monkeys
  2 centaur zombies (Ossuary)
  4 bullfrog zombies (Ossuary)
  15 orc priests
  6 jellies
  4 hounds
  An iron imp (D:9)
  3 iguanas
  17 orc wizards
  A polar bear simulacrum (IceCv)
  2 spriggan simulacra (IceCv)
  2 troll simulacra (IceCv)
  4 killer bee zombies (Ossuary)
  A boggart simulacrum (Gauntlet)
  17 mummies
  Robin (D:4)
  2 howler monkey zombies (Ossuary)
  5 adders
  13 gnolls
  2 naga simulacra (IceCv)
  3 white imps
  5 ufetubi
  A worm (D:3)
  5 dart slugs
  54 orcs
  11 endoplasms
  2 giant cockroaches (D:1)
  17 goblins
  10 hobgoblins
  10 jackals
  15 kobolds
  4 quokkas
  2 ball pythons
  2 bats
  3 frilled lizards
  A hobgoblin zombie (D:7)
  3 orc zombies (D:7)
  7 rats
  A butterfly (D:7)
  A lurking horror (Abyss:2)
1073 creatures vanquished.

Vanquished Creatures (others)
  A dancing weapon (Elf:1)
  A deep elf knight (Elf:1)
  A deep elf pyromancer (Elf:2)
  A deep elf zephyrmancer (Elf:2)
  A large abomination (Abyss:2)
  A small abomination (Abyss:2)
  An ufetubus (Abyss:2)
  2 bushes
  3 demonic plants (Gauntlet)
  53 fungi
  A lurking horror (Abyss:2)
  63 plants
  28 starspawn tentacles (Abyss:2)
  10 withered plants (Ossuary)
167 creatures vanquished.

Grand Total: 1240 creatures vanquished

Notes
Turn   | Place    | Note
-------+----------+-------------------------------------------
     0 | D:1      | zeram the Gargoyle Fighter began the quest for the Orb.
     0 | D:1      | Reached XP level 1. HP: 14/14 MP: 1/1
   527 | D:1      | Reached XP level 2. HP: 16/19 MP: 2/2
  1308 | D:1      | Reached XP level 3. HP: 19/23 MP: 3/3
  1459 | D:1      | Found a faded altar of an unknown god.
  2226 | D:2      | Reached XP level 4. HP: 29/29 MP: 4/4
  2435 | D:2      | Reached skill level 4 in Shields
  2791 | D:3      | Found a stormy altar of Qazlal.
  2924 | D:3      | Found a basalt altar of Yredelemnul.
  2974 | D:3      | Reached XP level 5. HP: 16/33 MP: 5/5
  2998 | D:3      | Became a worshipper of Qazlal Stormbringer
  3442 | D:3      | Identified a scroll of acquirement
  3442 | D:3      | Acquired 774 gold pieces
  3613 | D:4      | Reached skill level 5 in Armour
  3712 | D:4      | Reached XP level 6. HP: 37/39 MP: 6/6
  3799 | D:4      | Noticed Robin
  3830 | D:4      | Killed Robin
  4135 | D:4      | Reached * piety under Qazlal
  4342 | D:4      | Reached XP level 7. HP: 44/44 MP: 7/7
  4355 | D:4      | Reached skill level 5 in Fighting
  4561 | D:5      | Entered Level 5 of the Dungeon
  4567 | D:5      | Reached skill level 5 in Shields
  4647 | D:5      | Found a sand-covered staircase.
  4652 | Ossuary  | Entered an ossuary
  4721 | Ossuary  | Reached skill level 5 in Maces & Flails
  4931 | Ossuary  | Reached XP level 8. HP: 36/49 MP: 8/8
  4962 | Ossuary  | Reached ** piety under Qazlal
  5787 | D:5      | Reached skill level 6 in Shields
  5843 | D:5      | Reached XP level 9. HP: 44/55 MP: 7/9
  5872 | D:5      | Acquired the +9 ice dragon scales "Teblov" {rElec rF- rC++
                  | rCorr}
  6207 | D:5      | You are sucked into a shaft and drop 3 floors!
  6705 | D:8      | Reached *** piety under Qazlal
  7093 | D:8      | Reached skill level 7 in Shields
  7253 | D:9      | Reached XP level 10. HP: 56/63 MP: 8/10
  7578 | D:9      | Found an iron altar of Okawaru.
  7601 | D:9      | Found a snail-covered altar of Cheibriados.
  7810 | D:9      | Reached skill level 10 in Maces & Flails
  7838 | D:9      | Found an opulent altar of Gozag.
  8000 | D:9      | Noticed a kobold demonologist
  8005 | D:9      | Noticed a sixfirhy
  8011 | D:9      | Killed a kobold demonologist
  8012 | D:9      | Reached skill level 8 in Shields
  8240 | D:10     | Entered Level 10 of the Dungeon
  8272 | D:10     | Reached **** piety under Qazlal
  8282 | D:10     | Reached skill level 1 in Dodging
  8502 | D:10     | Found a staircase to the Lair.
  8725 | D:10     | Reached skill level 9 in Shields
  8725 | D:10     | Reached XP level 11. HP: 62/68 MP: 11/11
  9212 | D:11     | Noticed Josephine
  9221 | D:11     | Killed Josephine
  9384 | D:11     | Reached skill level 1 in Polearms
  9553 | D:11     | Noticed a two-headed ogre
  9561 | D:11     | Killed a two-headed ogre
  9572 | D:11     | Found a gate leading to a gauntlet.
  9581 | Gauntlet | Entered a Gauntlet
  9581 | Gauntlet | Found a transporter.
  9590 | Gauntlet | Found a transporter.
  9590 | Gauntlet | Noticed a soul eater
  9608 | Gauntlet | Found a transporter.
  9612 | Gauntlet | Noticed a thrashing horror
  9616 | Gauntlet | Found a transporter.
  9634 | Gauntlet | Found a transporter.
  9640 | Gauntlet | Noticed a thrashing horror
  9653 | Gauntlet | Noticed a thrashing horror
  9657 | Gauntlet | Found a transporter.
  9666 | Gauntlet | Found a transporter.
  9670 | Gauntlet | Noticed a wretched star
  9678 | Gauntlet | Found a transporter.
  9686 | Gauntlet | Noticed a thrashing horror
  9690 | Gauntlet | Found a transporter.
  9691 | Gauntlet | Noticed a thrashing horror
  9696 | Gauntlet | Found a transporter.
  9696 | Gauntlet | Found a transporter.
  9698 | Gauntlet | Found a transporter.
  9718 | Gauntlet | Found a transporter.
  9724 | Gauntlet | Found a transporter.
  9775 | Gauntlet | Found a transporter.
  9781 | Gauntlet | Noticed a worldbinder
  9840 | Gauntlet | Found a transporter.
  9922 | Gauntlet | Found a transporter.
  9963 | Gauntlet | Found a transporter.
 10001 | Gauntlet | Noticed a skeletal warrior
 10002 | Gauntlet | Noticed a skeletal warrior
 10004 | Gauntlet | Killed a worldbinder
 10004 | Gauntlet | Noticed a necromancer
 10099 | Gauntlet | Identified the ring "Naemakae" {Ice Drain *Slow rPois
                  | Will+++}
 10099 | Gauntlet | Noticed a minotaur
 10127 | Gauntlet | Killed a minotaur
 10127 | Gauntlet | Reached ***** piety under Qazlal
 10142 | Gauntlet | Identified the amulet of Kaut {RegenMP rF- Regen+ rCorr
                  | Str+7}
 10376 | D:11     | Reached skill level 5 in Polearms
 10387 | D:11     | Gained mutation: Armour fits poorly on your strangely
                  | shaped body. [a neqoxec]
 10424 | D:11     | Noticed a boulder beetle
 10453 | D:11     | Killed a boulder beetle
 11106 | D:7      | Reached XP level 12. HP: 75/75 MP: 12/12
 11140 | D:7      | Found a staircase to the Ecumenical Temple.
 11407 | D:7      | Found a bloodstained altar of Trog.
 11682 | Lair:1   | Entered Level 1 of the Lair of Beasts
 11682 | Lair:1   | Noticed a catoblepas
 11704 | Lair:1   | Reached skill level 10 in Shields
 11714 | Lair:1   | Killed a catoblepas
 12443 | Lair:1   | Noticed Gastronok
 12466 | Lair:1   | Killed Gastronok
 12960 | Lair:2   | Noticed a six-headed hydra
 12966 | Lair:2   | Killed a six-headed hydra
 13087 | Lair:2   | Found a staircase to the Snake Pit.
 13998 | Lair:3   | Noticed Snorg
 14008 | Lair:3   | Killed Snorg
 14009 | Lair:3   | Reached skill level 10 in Polearms
 14009 | Lair:3   | Reached XP level 13. HP: 80/80 MP: 13/13
 14026 | Lair:3   | Noticed Amaemon
 14054 | Lair:3   | Killed Amaemon
 14081 | Lair:3   | Reached skill level 11 in Shields
 14435 | Lair:3   | Reached ****** piety under Qazlal
 14715 | Lair:3   | Found a runed translucent door.
 14771 | Lair:3   | Identified the +0 leather armour of Reppat Kahui {rF- rC+
                  | Slay+3}
 14789 | Lair:3   | Reached skill level 10 in Fighting
 14987 | Lair:3   | Found a staircase to the Shoals.
 15303 | Lair:3   | Noticed a minotaur
 15323 | Lair:3   | Killed a minotaur
 15813 | Lair:3   | Gained mutation: Your large and strong wings let you fly.
                  | [Gargoyle growth]
 15813 | Lair:3   | Reached XP level 14. HP: 37/88 MP: 6/14
 16097 | Lair:4   | Reached skill level 12 in Shields
 16220 | Lair:4   | Noticed a dire elephant
 16239 | Lair:4   | Killed a dire elephant
 16939 | Lair:5   | Entered Level 5 of the Lair of Beasts
 16941 | Lair:5   | Found a staircase to the Slime Pits.
 16952 | Lair:5   | Found a viscous altar of Jiyva.
 17254 | Lair:5   | Reached skill level 10 in Armour
 17859 | Lair:5   | Reached XP level 15. HP: 95/95 MP: 15/15
 18389 | Snake:1  | Entered Level 1 of the Snake Pit
 18408 | Snake:1  | Noticed Aizul
 18454 | Snake:1  | Killed Aizul
 18455 | Snake:1  | Reached skill level 13 in Shields
 18481 | Snake:1  | Reached skill level 5 in Dodging
 18712 | Snake:1  | Noticed Rupert
 18719 | Snake:1  | Paralysed by Rupert for 3 turns
 18750 | Snake:1  | Killed Rupert
 19255 | Snake:1  | Reached skill level 14 in Shields
 19600 | Snake:1  | Found Etash's Armour Emporium.
 19600 | Snake:1  | Found Leptoj's Antique Armour Shoppe.
 19614 | Snake:1  | Bought a translucent hat for 315 gold pieces
 19614 | Snake:1  | Identified the +1 hat "Ikiahid" {Int-3 Dex+5} (You bought
                  | it in a shop on level 1 of the Snake Pit)
 20451 | Snake:2  | Noticed a nagaraja
 20459 | Snake:2  | Reached skill level 15 in Polearms
 20489 | Snake:1  | Killed a nagaraja
 20993 | Snake:2  | Found Haenla's Armour Shop.
 21015 | Snake:2  | Reached XP level 16. HP: 103/103 MP: 16/16
 21082 | Snake:2  | Found a bloodstained altar of Trog.
 22020 | Snake:3  | Reached skill level 15 in Shields
 22144 | Snake:3  | Noticed a nagaraja
 22164 | Snake:3  | Killed a nagaraja
 22365 | Snake:3  | Noticed Vashnia
 22399 | Snake:3  | Killed Vashnia
 23183 | Snake:4  | Entered Level 4 of the Snake Pit
 23433 | Snake:4  | Reached skill level 16 in Shields
 23816 | Snake:4  | Reached XP level 17. HP: 95/109 MP: 17/17
 24940 | Snake:4  | Got a serpentine rune of Zot
 25237 | D:12     | Noticed Kirke
 25237 | D:12     | Noticed Frances
 25242 | D:12     | Noticed a sphinx
 25258 | D:11     | Killed Kirke
 25259 | D:11     | Reached skill level 17 in Shields
 25287 | D:11     | Killed Frances
 25333 | D:12     | Found a portal to a secret trove of treasure.
 25340 | D:12     | Found a staircase to the Orcish Mines.
 25344 | D:12     | Noticed Lodul
 25362 | D:12     | Killed Lodul
 25369 | D:12     | Noticed Nergalle
 25395 | D:12     | Killed Nergalle
 25486 | D:12     | Noticed Nessos
 25493 | D:12     | Killed Nessos
 26959 | D:14     | Identified the +1 pair of boots of Midsummer {rPois}
 27744 | D:14     | Found a gate to the Vaults.
 27988 | Vaults:1 | Entered Level 1 of the Vaults
 28022 | Abyss:2  | Cast into level 2 of the Abyss (a wizard)
 28027 | Abyss:2  | Noticed a tentacled starspawn
 28238 | Abyss:2  | Reached XP level 18. HP: 81/116 MP: 16/18
 28251 | Abyss:2  | Gained mutation: You are frail. (-10% HP) [a cacodemon]
 28379 | Vaults:1 | Escaped the Abyss
 28645 | Vaults:1 | Reached skill level 18 in Shields
 30060 | Orc:1    | Entered Level 1 of the Orcish Mines
 30064 | Orc:1    | Found a frozen archway.
 30103 | IceCv    | Entered an ice cave
 30745 | Orc:1    | Found Peved's General Store.
 30753 | Orc:1    | Bought a scroll of fear for 64 gold pieces
 30787 | Orc:2    | Entered Level 2 of the Orcish Mines
 30910 | Orc:2    | Paralysed by an ogre mage for 5 turns
 30944 | Orc:2    | Paralysed by an ogre mage for 2 turns
 31553 | Orc:2    | Found a staircase to the Elven Halls.
 31701 | Orc:2    | Reached skill level 15 in Fighting
 32059 | Orc:2    | Found Kiluj's Distillery.
 32059 | Orc:2    | Found Dafiz's Assorted Antiques.
 32060 | Orc:2    | Found Ratem's Jewellery Shoppe.
 32060 | Orc:2    | Found Fonkuona's Book Boutique.
 32067 | Orc:2    | Bought a potion of heal wounds for 55 gold pieces
 32067 | Orc:2    | Bought a potion of curing for 33 gold pieces
 32067 | Orc:2    | Bought a potion of curing for 33 gold pieces
 32070 | Orc:2    | Bought a scroll of magic mapping for 225 gold pieces
 32202 | Elf:1    | Entered Level 1 of the Elven Halls
 32378 | Elf:1    | Identified the +8 short sword of Bevitobrus {drain, rC++
                  | rN+++ Int-4 Dex-4}
 32413 | Elf:1    | Noticed Nikola
 32438 | Elf:1    | Killed Nikola
 32572 | Elf:1    | Paralysed by an air elemental for 1 turns
 32918 | Elf:1    | Reached skill level 19 in Shields
 33160 | Elf:1    | Reached XP level 19. HP: 102/111 MP: 19/19
 33264 | Elf:1    | Found Koesh's Antique Weapon Shoppe.
 33684 | Elf:2    | Found Efycoll's Antique Weapon Shop.
 33693 | Elf:2    | Bought a glimmering dagger for 217 gold pieces
 33693 | Elf:2    | Identified the +7 dagger of Impatience {vamp, rF- rN+
                  | Int+5} (You bought it in a shop on level 2 of the Elven
                  | Halls)
 33850 | Elf:2    | Found a runed translucent gate.
 33850 | Elf:2    | Found a runed translucent gate.
 33851 | Elf:2    | Found a runed translucent gate.
 33920 | Elf:2    | Found a shimmering blue altar of Sif Muna.
 34597 | Elf:2    | Slain by a +7 antimagic trident

Illustrated notes

Levels and vault maps discovered:
D:1:      minmay_arrival_shattered_statue, layout_basic,
          hellmonk_ecumenical_altar_prayer_group, glass_columns_a,
          hangedman_abyss_or_decor_lesser_grid, solitary_fountain
D:2:      layout_loops_ring
D:3:      layout_loops_cross, grunt_temple_overflow_open, corexii_hall_statues_i
D:4:      layout_gridville, grunt_ministairs_14, sigmund_army, uniq_robin
D:5:      layout_rooms, nicolae_ossuary_entry_false_entrances,
          minmay_hedge_maze, st_stairs_4
D:7:      layout_cave_pools, lemuel_coloured_pillars_altar,
          minmay_temple_entry_butterflies, minmay_mini_ossuary
D:8:      layout_basic, kennysheep_small_square
D:9:      layout_gridville, general_overflow_altar, lemuel_round_altar,
          slow_altar_1, minmay_misc_feat_square, nicolae_kite_square_tiling_tiny
D:10:     layout_loops_ring, david_lair_generic
D:11:     layout_irregular_city, gauntlet_entry_generic, uniq_josephine
D:12:     layout_small_grid, orc_0_dummy, nicolae_trove_entry_crossroad,
          uniq_lodul, uniq_kirke, uniq_frances, uniq_nessos, uniq_nergalle
D:13:     layout_cross, serial_rivers, chequers_serial_rivers_micro_a,
          chequers_serial_rivers_small_a, chequers_serial_rivers_small_a,
          chequers_serial_rivers_room_b, minmay_misc_feat_tiny
D:14:     layout_roguey, david_vaults_4, hangedman_abyss_or_decor_stabs,
          nicolae_straight_to_the_point
Lair:1:   layout_cave_pods, evilmike_ambush [evilmike_ambush_outer_basic,
          evilmike_ambush_inner_basic], serial_bayou_shore_a, lemuel_fruit_tree,
          uniq_gastronok
Lair:2:   layout_small_grid, dummy_snake_entry, lemuel_fruit_fields,
          grunt_megastairs_5
Lair:3:   dreamdust_labyrinth, layout_misc_corridors, elwin_shoals_entry_rocks,
          uniq_amaemon, uniq_snorg
Lair:4:   mu_elephants_graveyard, layout_gridlike
Lair:5:   hangedman_lair_tendril_chambers, layout_regular_city,
          nicolae_slime_entry_slimehenge, kilobyte_rumbling_trees
Snake:1:  layout_layer_cave, grunt_megastairs_2, minmay_shoptagon, uniq_rupert,
          uniq_aizul
Snake:2:  layout_honeycomb, basic_altar, serial_shops, nicolae_diamond_shop,
          st_stairs_1
Snake:3:  layout_gridlike, nicolae_snake_round_shape_thing, drop_trap,
          st_stairs_14, serial_bayou_shore_b, uniq_vashnia
Snake:4:  minmay_snake_end_coiled, layout_cave_town
Orc:1:    layout_caves, serial_shops, shop_fountains, nicolae_shop_behind_doors,
          shop_fountains, shop, shop_scrolls, portal_ice_cave_entry_pillars_1,
          nicolae_orc_damp_corner
Orc:2:    st_orc_ogre_mass, layout_caves, basic_altar, nicolae_orc_lava_tube
Elf:1:    elf_arrival_002, layout_loops_cross, serial_shops, shop_fountains,
          hangedman_elf_represent, minivault_26, uniq_nikola
Elf:2:    elven_hall_of_blades_hangedman_original
          [nicolae_blade_entry_crossed_weapons], layout_geoelf_octagon,
          basic_altar, serial_shops, nicolae_diamond_shop
Vaults:1: vaults_mumra_chevron, ontoclasm_vaults_decontamination,
          nicolae_vaults_ring_of_whatevers, v_misc_18, v_misc_8,
          nicolae_vaults_little_squares_4, v_alt_pattern_1,
          nicolae_vaults_little_ls, vaults_room_grunt_arrival_checkpoint,
          layout_vaults_omnigrid
Vaults:2: hangedman_vaults_variations, v_misc_12, st_star,
          ontoclasm_vaults_pinch, v_misc_11, nicolae_vaults_little_squares_1,
          hangedman_vaults_trim, nicolae_vaults_specimen_jars,
          ontoclasm_vaults_ring_small, layout_vaults_big_room, serial_shops,
          nicolae_shop_temple_entry_statues_fountains

Skill      XL: |  1  2  3  4  5  6  7  8  9 10 11 12 13 14 15 16 17 18 19 |
---------------+----------------------------------------------------------+-----
Armour         | 4 5 6 7 8 9 10 11 12 | 12.0
Shields        | 4 5 6 7 9 10 11 12 14 16 17 19 | 19.4
Fighting       | 4 5 6 7 8 9 10 11 12 13 14 15 | 15.6
Maces & Flails | 3 5 7 9 10 11 | 11.2
Dodging        | 1 2 3 4 5 6 7 |  7.8
Polearms       | 6 10 12 14 15 16 17 18 | 18.5

Action                   |  1- 3 |  4- 6 |  7- 9 | 10-12 | 13-15 | 16-18 | 19-21 || total
-------------------------+-------+-------+-------+-------+-------+-------+-------++-------
Melee: Flail             |    42 |   106 |   401 |   171 |       |       |       ||   720
       Hand axe          |    89 |    69 |       |       |       |       |       ||   158
       Demon trident     |       |       |       |   430 |  1184 |  1841 |   218 ||  3673
Evoke: Wand              |       |       |       |     3 |     6 |     1 |       ||    10
  Use: Scroll            |     3 |     9 |    11 |    14 |     5 |     8 |     1 ||    51
       Potion            |       |     3 |     7 |     6 |     9 |     9 |       ||    34
 Stab: Confused          |       |       |       |     1 |       |       |       ||     1
       Invisible         |       |       |       |     5 |     4 |       |       ||     9
       Petrified         |       |       |       |     3 |       |       |       ||     3
Armor: Scale mail        |    95 |   124 |   178 |       |       |       |       ||   397
       Ice dragon scales |       |       |    82 |   301 |   371 |   382 |    58 ||  1194
Dodge: Dodged            |    82 |   120 |   193 |   367 |   631 |   720 |    59 ||  2172
       Repelled          |       |       |       |    10 |    24 |    49 |     9 ||    92
Block: Buckler           |    37 |    56 |   159 |   413 |   662 |       |       ||  1327
       Kite shield       |       |       |       |       |   247 |  1586 |   157 ||  1990
       Reflection        |       |       |       |       |       |    63 |    11 ||    74
